Map: [ESL] Hard Lead

Players

Cyan

  • Race: Protoss Protoss
  • Spawn Location: 11:00

Dark - Winner!

  • Race: Zerg Zerg
  • Spawn Location: 5:00

Event: IEM Katowice 2024

VOD

Have the link to the VOD?

Description

Time

  • Played on: Feb. 9, 2024, 10:02 a.m.
  • Length: 14:21

All games in this series

Show
View Real Time Build Order
Export as new Build Order

Cyan Protoss 

Build Orders: 1 Gate Expand, Oracle Opening 

Get SALT Encoding   

  12  0:00  Probe  
  13  0:14  Pylon  
  13  0:18  Probe (Chrono Boost)  
  14  0:28  Probe (Chrono Boost)  
  15  0:33  Probe (Chrono Boost)  
  16  0:40  Gateway  
  16  0:44  Probe  
  16  0:49  Assimilator  
  17  0:56  Probe  
  18  1:09  Probe  
  19  1:21  Probe  
  20  1:26  Nexus  
  20  1:35  Cybernetics Core  
  20  1:37  Probe  
  21  1:42  Assimilator  
  21  1:49  Probe  
  21  1:52  Pylon  
  22  2:01  Probe  
  23  2:08  Adept (Chrono Boost)  
  25  2:17  Stargate  
  25  2:20  Probe  
  26  2:27  Warp Gate  
  26  2:30  Adept (Chrono Boost)  
  26  2:33  Probe (Chrono Boost)  
  29  2:37  Probe (Chrono Boost)  
  31  2:49  Probe x2 (Chrono Boost)  
  32  2:52  Adept  
  32  2:53  Probe (Chrono Boost)  
  32  2:56  Probe  
  36  3:04  Oracle (Chrono Boost)  
  39  3:08  Probe  
  39  3:15  Pylon  
  39  3:16  Probe  
  39  3:22  Probe  
  39  3:28  Probe  
  39  3:34  Probe  
  39  3:35  Gateway  
  39  3:38  Oracle (Chrono Boost)  
  39  3:40  Adept  
  39  3:41  Probe  
  46  3:46  Pylon  
  46  3:47  Probe  
  47  3:53  Probe  
  48  3:59  Probe  
  47  4:05  Oracle (Chrono Boost), Probe  
  49  4:11  Probe  
  50  4:17  Probe  
  50  4:20  Nexus  
  50  4:23  Probe  
  52  4:27  Adept  
  52  4:30  Shield Battery  
  54  4:32  Adept  
  54  4:34  Probe  
  54  4:36  Probe  
  58  4:42  Assimilator  
  58  4:46  Probe  
  58  4:47  Assimilator  
  58  4:48  Probe  
  58  4:50  Pylon  
  60  4:56  Twilight Council  
  60  4:58  Probe, Forge  
  61  5:00  Probe  
  62  5:09  Adept x2  
  62  5:10  Probe  
  62  5:12  Probe  
  68  5:19  Pylon  
  68  5:23  Probe  
  68  5:24  Probe  
  68  5:25  Protoss Ground Weapons Level 1 (Chrono Boost)  
  70  5:30  Gateway  
  70  5:31  Blink (Chrono Boost)  
  70  5:32  Probe  
  70  5:33  Gateway  
  70  5:35  Probe  
  72  5:36  Probe  
  73  5:45  Probe  
  73  5:47  Probe  
  75  5:52  Probe  
  75  5:55  Gateway  
  77  5:57  Pylon, Probe  
  77  6:02  Probe  
  74  6:06  Zealot, Stalker  
  74  6:08  Probe  
  74  6:09  Probe  
  80  6:11  Robotics Facility  
  80  6:14  Probe  
  80  6:15  Pylon  
  81  6:23  Shield Battery  
  81  6:25  Probe  
  81  6:29  Pylon  
  81  6:31  Stalker x4  
  91  6:32  Probe  
  91  6:42  Probe  
  91  6:44  Pylon  
  91  6:46  Nexus  
  92  6:54  Stalker  
  92  6:55  Zealot x3  
  92  6:58  Stalker  
  92  6:59  Observer  
  88  7:04  Gateway  
  88  7:05  Probe  
  88  7:07  Pylon  
  89  7:09  Probe x2  
  89  7:13  Assimilator, Charge  
  89  7:14  Assimilator  
  89  7:15  Robotics Bay  
  91  7:16  Stalker  
  91  7:17  Stalker x2  
  91  7:19  Probe  
  91  7:20  Protoss Ground Weapons Level 2 (Chrono Boost)  
  91  7:22  Warp Prism  
  100  7:27  Pylon  
  100  7:33  Stalker x2  
  104  7:38  Nexus  
  104  7:40  Nexus  
  103  7:48  Shield Battery, Stalker x2  
  107  7:54  Stalker  
  107  7:57  Stalker x2  
  113  8:00  Probe x2  
  113  8:05  Colossus (Chrono Boost)  
  121  8:09  Extended Thermal Lance  
  121  8:12  Photon Cannon  
  121  8:14  Pylon  
  121  8:25  Probe  
  120  8:28  Stalker  
  120  8:29  Stalker x4  
  120  8:30  Probe  
  120  8:33  Probe  
  132  8:38  Probe  
  132  8:40  Pylon  
  132  8:41  Pylon  
  133  8:43  Probe  
  130  8:51  Pylon  
  130  8:52  Probe x3  
  130  8:53  Gateway  
  130  8:54  Gateway  
  133  9:08  Stalker x3  
  133  9:09  Stalker x3  
  131  9:17  Colossus (Chrono Boost)  
  137  9:31  Pylon  
  137  9:37  Stalker x5  
  137  9:38  Robotics Facility  
  147  9:41  Stalker, Protoss Ground Weapons Level 3 (Chrono Boost)  
  149  9:55  Zealot x2  
  149  9:57  Gateway  
  149  9:59  Photon Cannon  
  153  10:00  Gateway  
  153  10:03  Zealot x2, Colossus (Chrono Boost)  
  161  10:08  Zealot x2  
  161  10:24  Stalker x5  
  161  10:25  Stalker  
  157  10:36  Zealot x2  
  157  10:38  Colossus (Chrono Boost)  
  167  10:45  Templar Archives, Probe  
  167  10:46  Probe  
  167  10:47  Assimilator  
  167  10:48  Probe  
  174  10:50  Zealot, Assimilator  
  174  10:51  Photon Cannon, Immortal (Chrono Boost)  
  174  10:53  Shield Battery  
  174  10:55  Pylon  
  174  10:56  Probe  
  177  10:58  Zealot x5  
  187  11:09  Pylon  
  187  11:10  Probe  
  188  11:12  Pylon  
  188  11:16  Psionic Storm  
  180  11:21  Zealot  
  180  11:23  Zealot  
  180  11:24  Zealot x9  
  192  11:34  Colossus  
  198  11:46  Immortal  
  190  11:47  High Templar x2  
  188  11:55  High Templar x2  
  190  12:01  Shield Battery  
  190  12:03  Shield Battery  
  190  12:05  Photon Cannon  
  190  12:06  Zealot x4  
  190  12:07  Zealot, Photon Cannon  
  192  12:22  Archon  
  178  12:23  Archon  
  178  12:25  Immortal  
  178  12:29  Immortal  
  147  12:30  Probe x2  
  147  12:32  Zealot x6  
  145  12:45  Probe x2  
  145  12:50  High Templar x3  
  145  12:51  High Templar  
  146  12:53  Adept  
  146  12:55  Probe  
  146  12:58  Zealot  
  146  13:00  Probe  
  146  13:05  Immortal  
  144  13:09  Probe (Chrono Boost)  
  141  13:17  Probe (Chrono Boost)  
  141  13:19  Probe (Chrono Boost)  
  127  13:22  Zealot x2  
  127  13:24  Probe (Chrono Boost)  
  127  13:26  Probe (Chrono Boost)  
  127  13:27  Probe (Chrono Boost)  
  132  13:34  Probe (Chrono Boost)  
  132  13:37  Probe x2 (Chrono Boost)  
  132  13:39  Probe (Chrono Boost)  
  134  13:48  Probe  
  119  13:50  Zealot x3  
  119  13:55  Zealot x2  
  122  13:57  Probe  
  122  13:59  High Templar  
  122  14:00  High Templar  
  122  14:01  Probe  
  128  14:04  High Templar  
  128  14:05  High Templar  
  132  14:10  High Templar x2  
Show
View Real Time Build Order
Export as new Build Order

Dark Zerg - Winner!

Build Orders: Hatch First 

Get SALT Encoding   

  12  0:00  Drone  
  13  0:12  Overlord  
  13  0:16  Drone  
  14  0:30  Drone x2  
  16  0:51  Drone  
  16  0:52  Hatchery  
  16  0:56  Drone  
  17  0:58  Drone  
  18  1:10  Extractor  
  17  1:14  Spawning Pool  
  17  1:16  Drone  
  17  1:18  Drone  
  18  1:28  Drone  
  19  1:38  Drone  
  20  1:50  Drone  
  21  2:01  Drone  
  21  2:03  Queen x2  
  21  2:04  Zergling x2  
  27  2:12  Metabolic Boost, Overlord  
  27  2:16  Zergling x2  
  28  2:30  Zergling x2  
  28  2:31  Drone  
  28  2:32  Drone  
  28  2:36  Drone  
  32  2:45  Hatchery  
  32  2:48  Queen  
  33  2:52  Overlord  
  33  2:53  Zergling x2  
  33  2:55  Zergling x2  
  35  3:06  Spore Crawler  
  35  3:09  Zergling x2  
  35  3:10  Drone x2  
  37  3:14  Drone x3  
  37  3:19  Drone x2  
  41  3:29  Drone x2  
  41  3:32  Queen  
  44  3:41  Overlord  
  44  3:45  Spore Crawler  
  44  3:46  Spore Crawler, Queen  
  44  3:58  Zergling x12  
  47  4:03  Drone  
  47  4:04  Drone x2  
  47  4:06  Drone  
  50  4:12  Evolution Chamber  
  50  4:14  Queen  
  50  4:16  Drone x2  
  53  4:22  Queen  
  55  4:25  Drone x2  
  55  4:27  Drone  
  55  4:30  Overlord  
  58  4:36  Overlord  
  58  4:37  Drone  
  58  4:42  Zerg Melee Weapons Level 1, Overlord  
  58  4:45  Overlord  
  58  4:48  Overlord  
  58  4:50  Drone  
  59  4:54  Drone x3  
  59  4:55  Drone  
  59  4:56  Zergling x2  
  64  5:00  Drone x3  
  67  5:07  Drone x3  
  67  5:11  Drone x3, Spore Crawler  
  73  5:14  Drone x2  
  73  5:17  Drone x2  
  76  5:25  Zergling x8  
  79  5:31  Zergling x4  
  79  5:33  Hatchery  
  80  5:36  Lair  
  80  5:38  Extractor  
  80  5:41  Drone  
  80  5:43  Drone x2, Roach Warren, Extractor  
  80  5:47  Drone x3  
  80  5:48  Drone  
  84  5:51  Overlord  
  84  5:53  Drone x2  
  86  5:57  Overlord  
  86  6:02  Drone  
  83  6:05  Drone x2  
  83  6:06  Drone  
  83  6:07  Extractor  
  85  6:12  Zergling x22  
  96  6:25  Drone x2  
  98  6:27  Drone x2, Hatchery  
  98  6:30  Drone  
  98  6:31  Extractor  
  99  6:34  Drone  
  99  6:39  Hatchery  
  100  6:40  Glial Reconstitution, Zerg Melee Weapons Level 2  
  100  6:44  Zergling x2, Infestation Pit  
  100  6:45  Zergling x14  
  103  6:55  Zergling x10  
  106  7:05  Drone x2  
  106  7:07  Drone  
  106  7:08  Drone x2  
  111  7:09  Drone x2  
  111  7:12  Overlord x3  
  111  7:13  Overseer  
  111  7:15  Hatchery  
  112  7:17  Evolution Chamber  
  112  7:20  Drone x2  
  112  7:22  Hive  
  112  7:26  Baneling Nest  
  112  7:27  Roach  
  112  7:29  Overlord  
  113  7:30  Overlord  
  113  7:31  Roach x2  
  113  7:34  Roach x2  
  113  7:37  Drone, Spore Crawler  
  118  7:38  Roach  
  118  7:39  Roach  
  123  7:47  Roach x4  
  123  7:50  Drone x4  
  134  7:52  Drone x2  
  134  7:54  Drone x2  
  138  8:03  Zerg Ground Armor Level 1  
  138  8:07  Spore Crawler  
  138  8:09  Drone  
  138  8:10  Roach x4  
  145  8:14  Zergling x16  
  151  8:26  Zergling x14  
  151  8:27  Zergling x6  
  159  8:34  Overlord x2  
  159  8:35  Adrenal Glands, Overlord  
  159  8:38  Ultralisk Cavern  
  159  8:40  Zergling x12  
  164  8:47  Zergling x4  
  163  8:51  Overlord  
  163  8:53  Zergling x20  
  173  9:01  Zergling x8  
  171  9:10  Zergling x26  
  171  9:16  Viper x2  
  185  9:19  Overlord  
  185  9:22  Zerg Melee Weapons Level 3  
  185  9:23  Zergling x6  
  187  9:27  Chitinous Plating  
  187  9:29  Zergling x6  
  187  9:31  Overlord  
  190  9:35  Zergling x10  
  195  9:40  Zergling x4  
  197  9:51  Zergling x6  
  200  10:02  Zerg Ground Armor Level 2  
  198  10:09  Drone x2  
  198  10:12  Burrow  
  197  10:16  Zergling x8  
  197  10:17  Zergling x2  
  166  10:36  Zergling x34, Ultralisk x3  
  166  10:42  Zergling x2  
  200  10:43  Baneling x5  
  200  10:44  Baneling x2  
  200  10:46  Anabolic Synthesis  
  199  10:52  Baneling  
  199  10:53  Baneling x2  
  199  10:57  Extractor  
  199  10:58  Drone, Extractor  
  199  11:00  Zergling x2  
  199  11:14  Zergling x2  
  196  11:20  Zergling x8  
  196  11:24  Zergling x2  
  194  11:40  Zergling x10  
  194  11:41  Zergling x2  
  194  11:46  Baneling x28  
  196  11:48  Zergling x12  
  197  11:58  Zergling x8  
  197  11:59  Zerg Missile Weapons Level 1, Centrifugal Hooks  
  190  12:22  Zergling x22  
  177  12:26  Zergling x32  
  177  12:27  Zergling x14  
  180  12:32  Ultralisk  
  177  12:40  Zergling x2  
  177  12:41  Zergling x12  
  181  12:46  Zergling x10  
  181  12:47  Pneumatized Carapace  
  181  12:50  Ultralisk x2  
  194  12:52  Drone  
  194  12:53  Zergling x6  
  194  12:55  Zergling x6  
  199  13:03  Zergling x2  
  196  13:14  Roach  
  196  13:15  Zergling x2  
  196  13:16  Zergling x20  
  196  13:19  Zergling x6  
  186  13:23  Zergling x6  
  186  13:24  Zergling x2  
  186  13:25  Zergling x2  
  186  13:26  Baneling x2  
  186  13:27  Baneling x12  
  186  13:33  Ultralisk x2  
  188  13:42  Roach  
  188  13:44  Zergling x26  
  188  13:48  Zergling x8, Roach  
  200  13:53  Zergling x8  
  198  14:01  Zergling x6  

Tags
 
Add a new tag
Caveats
  • Supply blocks, unpowered buildings, or Contaminate may cause inaccurate times.
  • Supply counts are checked every 10 seconds.